 Dungeon Crawl Stone Soup version 0.27.1-35-g4d5d836560 (webtiles) character file.

Game seed: 2824011579000699525

39 Delamore the Sneak (level 3, 0/24 HPs)
             Began as an Octopode Brigand on June 7, 2022.
             Succumbed to a kobold's poison
             ... on level 2 of the Dungeon.
             The game lasted 00:01:15 (1461 turns).

Delamore the Sneak (Octopode Brigand)               Turns: 1461, Time: 00:01:15

Health: 0/24       AC:  3    Str: 10    XL:     3   Next: 45%
Magic:  3/3        EV: 12    Int: 13    God:
Gold:   70         SH:  0    Dex: 14    Spells: 2/2 levels left

rFire    . . .     SeeInvis .   a - +2 dagger
rCold    . . .     Faith    .   (no shield)
rNeg     . . .     Spirit   .   (helmet restricted)
rPois    .         Reflect  .   (no amulet)
rElec    .         Harm     .   (no ring)
rCorr    .         Rampage  .   (no ring)
Will     .....                  (no ring)
Stlth    ++++......             (no ring)
HPRegen  0.08/turn              (no ring)
MPRegen  0.08/turn              (no ring)
                                (no ring)
                                (no ring)

@: lethally poisoned (0 -> -6)
A: almost no armour, amphibious, 8 rings, camouflage 1, gelatinous body 1,
(nimble swimmer 1), tentacles, iridescent scales 1, sense surroundings 1,
screaming 1, MP-powered wands
a: no special abilities


You were on level 2 of the Dungeon.
You visited 1 branch of the dungeon, and saw 2 of its levels.

You collected 70 gold pieces.

Inventory:

Hand Weapons
 a - a +2 dagger (weapon)
Missiles
 b - 8 poisoned darts
 c - a curare-tipped dart (quivered)
 e - 23 stones
 k - 7 boomerangs of dispersal
Scrolls
 h - a scroll of vulnerability
 i - a scroll of fog {unknown}
 j - a scroll of blinking {unknown}


   Skills:
 - Level 2.0 Fighting
 * Level 3.3 Short Blades
 + Level 2.6 Throwing
 - Level 1.0 Dodging
 - Level 5.3 Stealth


You had 2 spell levels left.
You didn't know any spells.
Your spell library was empty.

Dungeon Overview and Level Annotations

Branches:
Dungeon (2/15)

Altars:

Shops:
D:2 [


Innate Abilities, Weirdness & Mutations

You cannot wear most types of armour.
You are amphibious.
You can wear up to eight rings at the same time.
Your skin changes colour to match your surroundings (Stealth+).
Your rubbery body absorbs attacks. (AC +1, EV +1)
((You are camouflaged near water. (Stealth+)))
You have tentacles for arms and can constrict up to eight enemies at once.
You are partially covered in iridescent scales. (AC +2)
You passively map a small area around you.
You occasionally shout uncontrollably at your foes.
You expend magic power (3 MP) to strengthen your wands.


Message History

The kobold shouts!
The kobold hits you with a +2 dagger of venom.
You barely miss the kobold. Your grab misses the kobold.
Your squeeze misses the kobold. The kobold closely misses you.
You hit the kobold but do no damage. Your grab misses the kobold.
Your squeeze misses the kobold.
The kobold hits you with a +2 dagger of venom.
You barely miss the kobold. Your grab misses the kobold.
Your squeeze misses the kobold. The kobold misses you.
You hit the kobold but do no damage. Your grab misses the kobold.
The kobold hits you with a +2 dagger of venom.
You are poisoned.
You hit the kobold but do no damage. Your grab misses the kobold.
You feel very sick.
The kobold hits you with a +2 dagger of venom.
Throw: 2 darts (curare)
Press: ? - help, Q - select action, (/) - cycle Shift-Dir - straight line, f - kobold
Aim: a kobold, wielding a +2 dagger of venom (53% to hit)
You throw a curare-tipped dart. The curare-tipped dart hits the kobold.
The kobold is poisoned.
The kobold convulses.
You kill the kobold!
* * * LOW HITPOINT WARNING * * *
You feel sick.
It was a potion of mutation.
You feel extremely strange.
Iridescent scales grow over part of your body.
You feel the urge to shout.
You feel a strange attunement to the structure of the dungeons.
You feel your magical essence link to the dungeon's wands.
* * * LOW HITPOINT WARNING * * *
You feel very sick.
As you read the scroll labelled FACYMO IMUYLE, it crumbles to dust.
The air around you briefly surges with heat, but it dissipates.
It was a scroll of immolation.
* * * LOW HITPOINT WARNING * * *
You feel sick.
As you read the scroll labelled GECRAR IDILI, it crumbles to dust.
It is a scroll of identify.
h - a scroll of vulnerability You die...

#... ...# #.#
#.# ##.###..#
#.# #.# , ..#
#.# #.# * *#.#
#.# #.# * #.#
#.###.# #.#
#...#.. * #.#
####.### #(#
#....# *
######@# #.####
* #.>....# #.#
### #.######
#.# #.. #.# #.#
#.# .###### #.#
###.####.#
......###.###
#........#
#.#.....).#
######.###.####
# #.#..##.#.#
#......# #....#
# #.#.....#.#
#.####.###.##.#


There were no monsters in sight!

Vanquished Creatures
  A dart slug (D:2)
  2 ball pythons (D:1)
  2 endoplasms
  2 goblins
  2 hobgoblins
  7 jackals (D:1)
  3 quokkas
  4 bats (D:1)
  A frilled lizard (D:1)
  5 kobolds
  5 rats (D:1)
34 creatures vanquished.

Notes
Turn   | Place    | Note
-------+----------+-------------------------------------------
     0 | D:1      | Delamore the Octopode Brigand began the quest for the Orb.
     0 | D:1      | Reached XP level 1. HP: 14/14 MP: 1/1
   154 | D:1      | Reached XP level 2. HP: 17/19 MP: 2/2
   778 | D:1      | Found a faded altar of an unknown god.
   822 | D:1      | Reached XP level 3. HP: 24/24 MP: 3/3
   935 | D:2      | Found Dicsom's Antique Armour Shop.
  1459 | D:2      | Gained mutation: You are partially covered in iridescent
                  | scales. (AC +2) [potion of mutation]
  1459 | D:2      | Gained mutation: You occasionally shout uncontrollably at
                  | your foes. [potion of mutation]
  1459 | D:2      | Gained mutation: You passively map a small area around you.
                  | [potion of mutation]
  1459 | D:2      | Gained mutation: You expend magic power (3 MP) to
                  | strengthen your wands. [potion of mutation]
  1461 | D:2      | Succumbed to a kobold's poison

Illustrated notes

Levels and vault maps discovered:
D:1:      pf_arrival_petrified_forest, layout_basic,
          hellmonk_ecumenical_altar_leap_of_faith, kennysheep_small_spiral
D:2:      layout_loops_ring, serial_shops, shop, minmay_misc_feat_room

Skill      XL: |  1  2 |
---------------+-------+-----
Short Blades   | 3 |  3.3
Fighting       | |  2.0
Throwing       | |  2.6
Dodging        | |  1.0
Stealth        | |  5.3

Action                   || total
-------------------------++-------
Melee: Dagger            ||    61
       Constrict         ||    10
       Tentacles         ||     7
Throw: Dart              ||     1
  Use: Scroll            ||     2
       Potion            ||     1
 Stab: Sleeping          ||    19
Armor: Skin              ||     2
Dodge: Dodged            ||    25
